Map: Dasan Station LE

Players

Fropez

  • Race: Protoss Protoss
  • League: Gold
  • Spawn Location: 12:00

BABDER - Winner!

  • Race: Terran Terran
  • League: Platinum
  • Spawn Location: 6:00

VOD

Have the link to the VOD?

Description

Time

  • Played on: Nov. 16, 2016, 10:58 a.m.
  • Length: 9:16
Show
View Real Time Build Order
Export as new Build Order

Fropez Protoss 

Build Orders: 1 Gate Expand, Zealot Archon 

Get SALT Encoding   

  12  0:00  Probe (Chrono Boost)  
  13  0:11  Probe (Chrono Boost)  
  14  0:17  Pylon  
  14  0:22  Probe (Chrono Boost)  
  16  0:35  Probe (Chrono Boost)  
  16  0:37  Gateway  
  16  0:46  Probe (Chrono Boost)  
  16  0:48  Assimilator  
  17  0:59  Probe (Chrono Boost)  
  18  1:12  Probe (Chrono Boost)  
  19  1:22  Assimilator  
  19  1:23  Probe (Chrono Boost)  
  20  1:26  Cybernetics Core  
  21  1:42  Nexus  
  21  1:46  Probe (Chrono Boost)  
  21  1:56  Probe (Chrono Boost)  
  21  1:57  Pylon  
  22  2:12  Pylon  
  22  2:15  Mothership Core (Chrono Boost)  
  24  2:18  Stalker  
  24  2:20  Warp Gate (Chrono Boost)  
  26  2:31  Pylon  
  26  2:35  Probe  
  27  2:47  Probe  
  27  2:51  Stalker  
  29  2:54  Probe  
  30  2:59  Probe  
  31  3:09  Gateway  
  31  3:10  Probe  
  32  3:14  Probe  
  33  3:21  Stalker  
  35  3:28  Probe  
  36  3:36  Probe  
  37  3:47  Probe  
  38  3:51  Probe  
  38  3:52  Assimilator  
  43  4:04  Probe  
  43  4:05  Probe  
  43  4:06  Pylon  
  43  4:09  Pylon  
  41  4:20  Probe, Gateway  
  41  4:21  Probe  
  43  4:25  Adept x2  
  43  4:31  Probe  
  48  4:40  Twilight Council  
  48  4:42  Probe  
  48  4:43  Gateway  
  49  4:58  Adept  
  49  4:59  Adept  
  49  5:01  Probe  
  49  5:02  Probe  
  51  5:11  Probe  
  51  5:12  Pylon  
  52  5:14  Assimilator  
  52  5:21  Probe  
  53  5:23  Blink (Chrono Boost)  
  53  5:32  Nexus  
  53  5:34  Assimilator  
  53  5:38  Assimilator  
  53  5:42  Pylon  
  53  5:44  Adept x2  
  53  6:00  Pylon  
  53  6:05  Pylon  
  53  6:06  Probe x2  
  53  6:08  Stalker x2  
  53  6:09  Stalker x2  
  63  6:13  Gateway  
  63  6:16  Pylon, Gateway  
  63  6:18  Gateway  
  63  6:19  Probe, Gateway  
  64  6:28  Templar Archives  
  64  6:35  Forge  
  64  6:37  Probe  
  65  6:41  Sentry x3  
  71  6:51  Probe  
  71  6:54  Sentry  
  74  7:08  Protoss Ground Weapons Level 1 (Chrono Boost)  
  74  7:10  High Templar  
  74  7:11  High Templar  
  78  7:18  Archon  
  78  7:27  Gateway  
  78  7:28  Probe x2  
  78  7:29  Gateway  
  80  7:31  Robotics Facility  
  80  7:32  Robotics Facility  
  80  7:55  Adept x3  
  80  7:56  Adept x4  
  92  8:00  Probe x2  
  92  8:02  Probe  
  93  8:20  Zealot x2  
  97  8:27  High Templar x2  
  97  8:28  High Templar x2  
  105  8:38  Probe  
  105  8:39  Probe x2  
  108  8:55  Archon x2  
  102  9:03  Adept  
  102  9:04  Adept x4  
  102  9:05  Adept x2  
Show
View Real Time Build Order
Export as new Build Order

BABDER Terran - Winner!

Build Orders:  

Get SALT Encoding   

  12  0:01  SCV  
  13  0:14  Supply Depot  
  13  0:17  SCV  
  14  0:29  Refinery  
  14  0:30  SCV  
  15  0:43  Barracks  
  15  0:45  SCV  
  16  0:59  Supply Depot  
  16  1:11  SCV  
  17  1:21  Barracks  
  17  1:23  SCV  
  18  1:32  Reaper  
  19  1:35  SCV  
  20  1:47  SCV  
  21  1:59  SCV, Engineering Bay  
  22  2:04  Reaper  
  23  2:09  Reaper  
  23  2:11  Refinery  
  23  2:12  SCV  
  25  2:30  Orbital Command  
  25  2:37  Factory  
  25  2:47  Barracks Tech Lab  
  25  2:58  SCV  
  26  3:09  Barracks Reactor  
  26  3:10  Command Center  
  26  3:13  SCV  
  26  3:17  Marauder  
  28  3:37  Factory Tech Lab  
  26  3:46  Marine  
  26  3:47  Marine  
  26  3:48  Marauder  
  30  3:52  Bunker  
  30  3:57  Stimpack  
  30  3:58  SCV  
  31  4:06  Supply Depot  
  31  4:21  Marine x3  
  34  4:37  SCV  
  35  4:39  Marine  
  35  4:40  Siege Tank, Marauder  
  35  4:44  SCV  
  42  4:49  Marine, SCV  
  44  4:56  SCV  
  44  4:57  Marine  
  44  5:01  SCV  
  45  5:08  SCV  
  45  5:09  Starport  
  45  5:12  Siege Tank  
  45  5:13  SCV  
  50  5:15  Missile Turret  
  50  5:20  SCV  
  51  5:21  Marine  
  51  5:22  Marine  
  51  5:25  SCV  
  54  5:39  Marine  
  54  5:48  Starport Reactor, Supply Depot  
  54  6:00  Supply Depot  
  54  6:01  Supply Depot  
  54  6:03  Orbital Command  
  54  6:09  Marine x2, Siege Tank, Marauder  
  61  6:13  SCV  
  62  6:25  SCV  
  62  6:26  Factory  
  62  6:27  Marine, Armory  
  62  6:31  Marauder  
  66  6:33  Refinery  
  66  6:34  Marine, Refinery  
  67  6:40  Concussive Shells  
  67  6:41  Siege Tank  
  67  6:44  Marine  
  71  6:52  Marauder  
  72  6:55  Marine  
  73  7:02  Marine  
  73  7:05  SCV  
  75  7:11  SCV  
  75  7:14  Marauder  
  78  7:22  Barracks  
  78  7:24  Barracks  
  78  7:27  Starport  
  78  7:32  Factory Tech Lab  
  78  7:40  Supply Depot  
  78  7:42  Supply Depot  
  78  7:44  Supply Depot  
  78  8:01  Marine x2, SCV x2, Medivac x2  
  78  8:03  Siege Tank, Marauder  
  91  8:13  SCV  
  91  8:19  Marine, Barracks Tech Lab  
  93  8:24  Siege Tank  
  93  8:25  Barracks Reactor  
  96  8:38  Command Center  
  96  8:44  Marine x2  
  96  8:45  Marine  
  96  8:46  Marauder  
  101  8:55  Starport Reactor  
Tags
 
Composition
Zealot Archon
Matchup
PvT
Replay Pack
All Mines
Spawn Locations
Cross Positions
Add a new tag
Caveats
  • Supply blocks, unpowered buildings, or Contaminate may cause inaccurate times.
  • Supply counts are checked every 10 seconds.